 Dungeon Crawl Stone Soup version 0.28-a0-10-g964c8b829e (webtiles) character file.

Game seed: 6382916900355587348

18 flotson the Sneak (level 2, 0/24 HPs)
             Began as a Demonspawn Delver on July 26, 2021.
             Slain by a kobold (2 damage)
             ... on level 1 of the Dungeon.
             The game lasted 00:01:53 (1194 turns).

flotson the Sneak (Demonspawn Delver)               Turns: 1194, Time: 00:01:54

Health: 0/24       AC:  5    Str: 12    XL:     2   Next: 51%
Magic:  2/2        EV: 11    Int: 11    God:
Gold:   38         SH:  0    Dex: 14    Spells: 1/1 levels left

rFire   . . .      SeeInvis .   a - +0 hand axe
rCold   . . .      Faith    .   (no shield)
rNeg    . . .      Spirit   .   d - +0 ring mail
rPois   .          Reflect  .   (no helmet)
rElec   .          Harm     .   (no cloak)
rCorr   .          Rampage  .   (no gloves)
Will    .....                   (no boots)
Stlth   ++........              (no amulet)
HPRegen 0.08/turn               (no ring)
MPRegen 0.08/turn               (no ring)

@: no status effects
A: hooves 1
a: no special abilities


You were on level 1 of the Dungeon.
You visited 1 branch of the dungeon, and saw 5 of its levels.

You collected 38 gold pieces.

Inventory:

Hand Weapons
 a - a +0 hand axe (weapon)
Armour
 d - a +0 ring mail (worn)
Wands
 g - a wand of digging (3)
Scrolls
 c - a scroll of fog


   Skills:
 + Level 3.2 Fighting
 + Level 2.1 Axes
 + Level 0.7 Armour
 + Level 2.1 Dodging
 - Level 4.5 Stealth


You had one spell level left.
You didn't know any spells.
Your spell library contained the following spells:

 Spells                   Type           Power      Damage    Failure   Level
 Ignite Poison            Fire/Tmut/Pois 0%         N/A       94%         3
 Mephitic Cloud           Conj/Pois/Air  0%         N/A       94%         3
 Bolt of Magma            Conj/Fire/Erth 0%         4d4       100%        5


Dungeon Overview and Level Annotations

Branches:
Dungeon (5/15)
 Temple: D:4-7

Altars:


Innate Abilities, Weirdness & Mutations

You have large cloven feet.


Message History

The ball python bites you but does no damage.
The ball python grabs you. The ball python constricts you.
You hit the ball python. Your kick misses the ball python.
The ball python is moderately wounded.
The ball python bites you but does no damage.
The ball python constricts you.
You barely miss the ball python. Your kick misses the ball python.
The ball python is moderately wounded.
The ball python bites you but does no damage.
* * * LOW HITPOINT WARNING * * *
The ball python constricts you.
The ball python bites you but does no damage.
The ball python constricts you.
You closely miss the ball python. Your kick misses the ball python.
The ball python is moderately wounded.
The ball python bites you but does no damage.
* * * LOW HITPOINT WARNING * * *
The ball python constricts you.
You closely miss the ball python.
The ball python is moderately wounded.
The ball python bites you but does no damage.
The ball python constricts you.
You hit the ball python but do no damage.
The ball python is moderately wounded.
The ball python bites you.
* * * LOW HITPOINT WARNING * * *
x2 The ball python constricts you.
The ball python bites you.
* * * LOW HITPOINT WARNING * * *
The ball python constricts you.
As you read the scroll of fear, it crumbles to dust.
You assume a fearsome visage.
The endoplasm looks frightened!
The ball python looks frightened!
The kobold looks frightened!
The hobgoblin looks frightened!
The hobgoblin almost stumbles in trying to escape.
The kobold begs for mercy.
The ball python loses its grip on you.
Found 15 stones.
A kobold comes into view. It is wielding a +0 dagger.
The kobold hits you with a +0 dagger.
You die...

#### ##... ...#
######..#######
...............
......K@#
#######.# #.#
#.# #.# #.# #.
#.# #.#.##
#...####


You could see a kobold.

Vanquished Creatures
  2 orcs (D:4)
  2 bats (D:1)
  An endoplasm (D:1)
  A giant cockroach (D:4)
  6 goblins
  A hobgoblin (D:1)
  A ball python (D:4)
14 creatures vanquished.

Notes
Turn   | Place    | Note
-------+----------+-------------------------------------------
     0 | D:5      | flotson the Demonspawn Delver began the quest for the Orb.
     0 | D:5      | Reached XP level 1. HP: 18/18 MP: 1/1
   601 | D:3      | Noticed a phantom
   921 | D:1      | Gained mutation: You have large cloven feet. [demonic
                  | ancestry]
   921 | D:1      | Reached XP level 2. HP: 23/24 MP: 2/2
  1180 | D:1      | HP: 1/24 [ball python (1)]
  1194 | D:1      | Slain by a kobold

Illustrated notes

Levels and vault maps discovered:
D:1:      dpeg_arrival_windows_large_door, layout_loops_ring
D:2:      layout_rooms, hellmonk_ecumenical_altar_watching_god, basic_altar,
          kennysheep_generic_room_2, uniq_robin, uniq_terence
D:3:      layout_basic, mainiacjoe_overflow_concentric_impassable,
          item_on_display_a
D:4:      gammafunk_cloud_chamber, layout_cave_pools,
          minmay_temple_entry_antechambers
D:5:      layout_rooms

Skill      XL: |  1 |
---------------+----+-----
Dodging        | 2 |  2.1
Axes           | 2 |  2.1
Fighting       | |  3.2
Armour         | |  0.7
Stealth        | |  4.5

Action                   || total
-------------------------++-------
Melee: Hand axe          ||    65
       Kick              ||     6
  Use: Scroll            ||     2
       Potion            ||     1
Armor: Leather armour    ||    17
       Ring mail         ||    25
Dodge: Dodged            ||    60

Table legend: (Time is in decaauts)
 A = Elapsed time spent in this place.
 B = Non-inter-level travel time spent in this place.
 C = Inter-level travel time spent in this place.
 D = Time resting spent in this place.
 E = Time spent auto-exploring this place.
 F = Levels seen in this place.
 G = Mean time per level.
                   A        B        C        D        E       F      G
               +--------+--------+--------+--------+--------+-----+--------+
         Total |   1189 |   1178 |     11 |    372 |    533 |   5 |  237.8 |
       Dungeon |   1189 |   1178 |     11 |    372 |    533 |   5 |  237.8 |
               +--------+--------+--------+--------+--------+-----+--------+

Top non-repeatable levels by time:
     D:4: 511 daAuts
     D:3: 343 daAuts
     D:1: 287 daAuts
     D:5: 28 daAuts
     D:2: 19 daAuts
